 Dungeon Crawl Stone Soup version 0.27-a0-334-g52645efa06 (webtiles) character file.

Game seed: 1720579596991035724

449 DavidChitty2 the Chopper (level 6, 0/56 HPs)
             Began as a Minotaur Fighter on Feb 13, 2021.
             Slain by a two-headed ogre
             ... wielding a +0 giant club
              (23 damage)
             ... on level 4 of the Dungeon.
             The game lasted 00:04:30 (2921 turns).

DavidChitty2 the Chopper (Minotaur Fighter)         Turns: 2921, Time: 00:04:31

Health: 0/56       AC: 12    Str: 23    XL:     6   Next: 74%
Magic:  5/5        EV:  6    Int:  5    God:
Gold:   95         SH: 10    Dex:  9    Spells: 5/5 levels left

rFire    . . .     SeeInvis .   a - +1 war axe
rCold    . . .     Faith    .   c - +0 kite shield
rNeg     . . .     Spirit   .   e - +0 chain mail
rPois    .         Reflect  .   (helmet restricted)
rElec    .         Harm     .   (no cloak)
rCorr    .         Rampage  .   h - +1 pair of gloves
Will     .....                  (no boots)
Stlth    ..........             (no amulet)
HPRegen  0.18/turn              (no ring)
MPRegen  0.09/turn              (no ring)

@: no status effects
A: retaliatory headbutt, horns 2
a: no special abilities


You were on level 4 of the Dungeon.
You visited 1 branch of the dungeon, and saw 4 of its levels.

You collected 95 gold pieces.

Inventory:

Hand Weapons
 a - a +1 war axe (weapon)
Armour
 c - a +0 kite shield (worn)
 e - a +0 chain mail (worn)
   (You took it off an orc on level 3 of the Dungeon)
 h - a +1 pair of gloves (worn)
   (You found it on level 1 of the Dungeon)
Scrolls
 g - a scroll of teleportation {@r4}
 i - a scroll of magic mapping
 j - 5 scrolls of identify {@r1}
Potions
 b - a potion of mutation {!q}
 d - 5 potions of might
 f - a potion of ambrosia
 o - 2 potions of flight
 p - a potion of magic


   Skills:
 + Level 5.2 Fighting
 * Level 5.8 Axes
 + Level 5.2 Armour
 + Level 5.2 Shields


You had 5 spell levels left.
You didn't know any spells.
Your spell library was empty.

Dungeon Overview and Level Annotations

Branches:
Dungeon (4/15)
 Temple: D:4-7

Altars:
Sif Muna

Shops:
D:4 ?(


Innate Abilities, Weirdness & Mutations

You reflexively headbutt those who attack you in melee.
You have a pair of horns on your head.


Message History

No target in view!
You see here a scorpion corpse.
There is an entrance to Ceubul's Magic Scroll Shop here.
A leopard gecko comes into view.
Found a stone staircase leading up.
The orc shouts!
You hit the leopard gecko but do no damage.
You headbutt the leopard gecko.
You kill the leopard gecko!
The orc hits you but does no damage.
You see here a leopard gecko corpse.
You barely miss the orc. You headbutt the orc.
The orc hits you with a +0 flail.
You closely miss the orc. Your headbutt misses the orc.
The orc hits you with a +0 flail.
You completely miss the orc. You headbutt the orc, but do no damage.
The orc hits you with a +0 flail.
You slash the orc!
You kill the orc!
No target in view!
No target in view!
No target in view!
No target in view!
No target in view!
No target in view!
No target in view!
No target in view!
No target in view!
No target in view!
No target in view!
Things that are here:
a +0 flail; a +0 leather armour A leopard gecko skeleton comes into view.
The leopard gecko skeleton bites you but does no damage.
You slash the leopard gecko skeleton!
You destroy the leopard gecko skeleton!
A two-headed ogre comes into view. It is wielding two +0 giant clubs.
The two-headed ogre shouts in stereo!
The two-headed ogre hits you with a +0 giant club!
The two-headed ogre barely misses you.
You slash the two-headed ogre!
The two-headed ogre hits you with a +0 giant club!!
* * * LOW HITPOINT WARNING * * *
The two-headed ogre hits you with a +0 giant club.
* * * LOW HITPOINT WARNING * * *
The two-headed ogre barely misses you.
The two-headed ogre hits you but does no damage.
Okay, then.
The two-headed ogre hits you with a +0 giant club!!
You die...

*,*<,,,,,,* *,*
*,,,,,,,,,* *,*
****,,,,,,* *,*
*,,,,,,,,,* *,*
*,**,,,**** *,*****
,,,,,,,** *,,,,,*
,,,,,,,,***#########,*
***+***,,,,#.......#,*
* *,* *,,*,*,###@#**,*
***,***,,,,,,#.O.# *,*
+,,_***,,,,,,#.### *,#
***,**#...,,,#.#####.##
* *,* #..,,,,#..#.....#
###+###.##,#,##...#*,,*
.........#.*,,#.∩.#,,,*
..........,*,##...#**,*
........######..#...#,*


You could see a two-headed ogre.

Vanquished Creatures
  Grinder (D:3)
  A scorpion (D:4)
  An orc wizard (D:4)
  A worker ant (D:2)
  3 adders
  4 oozes
  4 worms
  3 dart slugs
  6 leopard geckos
  10 orcs
  3 giant cockroaches
  7 goblins
  8 hobgoblins
  5 jackals
  2 quokkas
  10 bats
  5 frilled lizards
  9 kobolds
  A leopard gecko skeleton (D:4)
  8 rats
92 creatures vanquished.

Vanquished Creatures (others)
  3 plants (D:1)
3 creatures vanquished.

Grand Total: 95 creatures vanquished

Notes
Turn   | Place    | Note
-------+----------+-------------------------------------------
     0 | D:1      | DavidChitty2 the Minotaur Fighter began the quest for the
                  | Orb.
     0 | D:1      | Reached XP level 1. HP: 19/19 MP: 0/0
    99 | D:1      | Reached XP level 2. HP: 27/27 MP: 1/1
   553 | D:1      | Reached XP level 3. HP: 32/33 MP: 2/2
  1076 | D:2      | Reached XP level 4. HP: 33/40 MP: 3/3
  1677 | D:3      | Found a shimmering blue altar of Sif Muna.
  1834 | D:3      | Reached XP level 5. HP: 43/47 MP: 4/4
  2305 | D:3      | Noticed Grinder
  2321 | D:3      | Paralysed by Grinder for 2 turns
  2330 | D:3      | Killed Grinder
  2331 | D:3      | Reached skill level 5 in Fighting
  2331 | D:3      | Reached skill level 5 in Axes
  2331 | D:3      | Reached skill level 5 in Armour
  2331 | D:3      | Reached skill level 5 in Shields
  2331 | D:3      | Reached XP level 6. HP: 23/56 MP: 5/5
  2738 | D:4      | Found Jeecsuafre's Antique Weapon Boutique.
  2780 | D:4      | Found Ceubul's Magic Scroll Shop.
  2879 | D:4      | Noticed a two-headed ogre
  2921 | D:4      | Slain by a two-headed ogre

Illustrated notes

Levels and vault maps discovered:
D:1:      dpeg_arrival_chambers_temple_mockup, layout_loops_ring,
          serial_bayou_lagoon_b
D:2:      layout_rooms
D:3:      layout_loops_cross, lemuel_crystal_altar, uniq_grinder
D:4:      layout_basic, lemuel_doored_altar, minitemple, serial_shops,
          nicolae_shop_stone, shop, shop, corexii_shack

Skill      XL: |  1  2  3  4  5 |
---------------+----------------+-----
Axes           | 3 4 5 |  5.8
Armour         | 4 5 |  5.2
Shields        | 4 5 |  5.2
Fighting       | 4 5 |  5.2

Action                   |  1- 3 |  4- 6 || total
-------------------------+-------+-------++-------
Melee: War axe           |    92 |   121 ||   213
       Headbutt          |    15 |    22 ||    37
  Use: Scroll            |       |    10 ||    10
Armor: Scale mail        |    64 |    27 ||    91
       Chain mail        |       |    13 ||    13
Dodge: Dodged            |    32 |    24 ||    56
Block: Kite shield       |    54 |    54 ||   108

Table legend: (Time is in decaauts)
 A = Elapsed time spent in this place.
 B = Non-inter-level travel time spent in this place.
 C = Inter-level travel time spent in this place.
 D = Time resting spent in this place.
 E = Time spent auto-exploring this place.
 F = Levels seen in this place.
 G = Mean time per level.
                   A        B        C        D        E       F      G
               +--------+--------+--------+--------+--------+-----+--------+
         Total |   3045 |   2896 |    149 |    599 |   1610 |   4 |  761.2 |
       Dungeon |   3045 |   2896 |    149 |    599 |   1610 |   4 |  761.2 |
               +--------+--------+--------+--------+--------+-----+--------+

Top non-repeatable levels by time:
     D:3: 1145 daAuts
     D:1: 1083 daAuts
     D:2: 593 daAuts
     D:4: 223 daAuts
